 Dungeon Crawl Stone Soup version 0.20.0-8-g6b59dc7 (webtiles) character file.

7766 Monsterracer the Destroyer (level 11, -6/54 HPs)
             Began as a Deep Elf Conjurer on May 31, 2017.
             Was an Elder of Vehumet.
             Killed from afar by Harold (34 damage)
             ... with a bolt of fire
             ... on level 10 of the Dungeon.
             The game lasted 00:31:29 (11929 turns).

Monsterracer the Destroyer (Deep Elf Conjurer)     Turns: 11929, Time: 00:31:29

Health: -6/54      AC:  5    Str:  5    XL:     11   Next: 1%
Magic:  24/36      EV: 17    Int: 31    God:    Vehumet [****..]
Gold:   399        SH:  0    Dex: 17    Spells: 8/31 levels left

rFire    . . .     SeeInvis .   p - +4 rapier of Retz {flame, rN+ Int+7}
rCold    + . .     Gourm    .   (no shield)
rNeg     + . .     Faith    +   a - +0 robe
rPois    .         Spirit   .   (no helmet)
rElec    .         Reflect  .   (no cloak)
rCorr    .         Harm     .   (no gloves)
MR       +....                  r - +2 pair of boots
Stlth    ++........             w - amulet of faith
Regen    0.2/turn               z - ring of magical power
MPRegen  0.3/turn               l - ring of protection from cold

@: no status effects
A: hooves 1, agile 1, frail 1
a: Renounce Religion


You were on level 10 of the Dungeon.
You worshipped Vehumet.
Vehumet was greatly pleased with you.
You were not hungry.

You visited 2 branches of the dungeon, and saw 11 of its levels.
You also visited: Ossuary.

You collected 593 gold pieces.
You spent 194 gold pieces at shops.

Inventory:

Hand Weapons
 p - the +4 rapier of Retz (weapon) {flame, rN+ Int+7}
   (You found it on level 5 of the Dungeon)

   It has been specially enchanted to burn those struck by it, causing extra
   injury to most foes and up to half again as much damage against particularly
   susceptible opponents.
   It affects your intelligence (+7).
   It protects you from negative energy.
Armour
 a - a +0 robe (worn)
 r - a +2 pair of boots (worn)
Jewellery
 l - a ring of protection from cold (right hand)
 w - an amulet of faith (around neck)
 y - an uncursed ring of protection from magic
 z - a ring of magical power (left hand)
Wands
 h - a wand of confusion (23/48)
Scrolls
 b - a scroll of blinking
 e - 7 scrolls of identify
 g - a scroll of fog
 j - 4 scrolls of remove curse
 m - a scroll of amnesia
 n - 4 scrolls of teleportation
 q - 2 scrolls of enchant armour
Potions
 f - 2 potions of heal wounds
 o - 2 potions of cancellation
 s - 2 potions of mutation
 t - 3 potions of haste
 v - 6 potions of curing
 x - a potion of flight
 A - 2 potions of brilliance
Comestibles
 c - 8 bread rations
 d - 6 meat rations
 i - 14 fruits
 k - 8 royal jellies
 u - a chunk of flesh


   Skills:
 + Level 4.0 Fighting
 + Level 6.8 Dodging
 - Level 2.4 Stealth
 + Level 10.5 Spellcasting
 * Level 12.7 Conjurations
 - Level 7.1 Hexes
 + Level 4.0 Translocations
 + Level 0.2 Fire Magic
 + Level 0.4 Earth Magic


You had 8 spell levels left.
You knew the following spells:

 Your Spells              Type           Power        Failure   Level  Hunger
a - Magic Dart            Conj           ####         0%          1    None
b - Searing Ray           Conj           ######       1%          2    None
c - Fulminant Prism       Conj/Hex       ######....   1%          4    None
d - Force Lance           Conj/Tloc      ######..     1%          4    None
e - Iskenderun's Mystic   Conj           #######.     1%          4    None
f - Bolt of Magma         Conj/Fire/Erth #####.....   4%          5    ###....
g - Stone Arrow           Conj/Erth      ######       1%          3    None


Dungeon Overview and Level Annotations

Branches:
Dungeon (10/15)            Temple (1/1) D:5            Lair (0/6) D:9
    Orc: D:9-12

Altars:
Ashenzari
Cheibriados
Dithmenos
Elyvilon
Fedhas
Gozag
Hepliaklqana
Kikubaaqudgha
Makhleb
Nemelex Xobeh
Okawaru
Qazlal
Ru
Sif Muna
Trog
Uskayaw
Vehumet
Xom
Yredelemnul
Zin
The Shining One

Shops:
D:5 ?   D:10 }

Annotations:
D:10 Harold


Innate Abilities, Weirdness & Mutations

You have large cloven feet.
You are agile. (Dex +2)
You are frail. (-10% HP)


Message History

Press: ? - help, Shift-Dir - straight line, f/p - Harold
Aim: Harold, wielding a hand axe and wearing a ring mail (heavily wounded)
The orb of energy hits Harold.
Harold is heavily wounded.
The orb of energy explodes!
Press: ? - help, v - describe, . - travel
Here: Harold, wielding a hand axe and wearing a ring mail (heavily wounded)
The floor.
Casting: Iskenderun's Mystic Blast
Confirm with . or Enter, or press ? or * to list all spells.
Aiming: Stone Arrow
Press: ? - help, Shift-Dir - straight line, f/p - Harold
Aim: Harold, wielding a hand axe and wearing a ring mail (heavily wounded)
The stone arrow hits Harold.
Harold is almost dead.
Harold says, "This is so exciting!
What a great way to end my career!"
Harold casts a spell at you. The bolt of fire hits you!
Ouch! That really hurt!
You die...

.###### #.....?...# .#
########'## .# #..#
.## ##.# ..# #.# #.#
#.# #.# ##########'##
#.#######........(.<.#
........+.....@.@(...#
#.#######............#
#.# ............# #.#
............# #.#
............# #.#
............# #.#
######+###### #.#


You could see Harold.

Vanquished Creatures
  2 two-headed ogres
  A komodo dragon (D:9)
  4 hippogriffs
  5 yaks
  2 hogs (D:10)
  A human (D:10)
  A sky beast (D:7)
  4 orc warriors
  An ice beast (D:9)
  3 phantoms
  4 ogres
  2 centaurs
  A big kobold (D:10)
  6 bullfrogs
  A wyvern zombie (D:8)
  3 scorpions
  5 killer bees (D:8)
  4 wights (D:9)
  2 howler monkeys
  3 crimson imps
  5 centaur zombies (Ossuary)
  4 human zombies (Ossuary)
  A jelly (D:6)
  5 hounds
  2 centaur skeletons
  A gnoll shaman (D:6)
  4 orc priests
  10 orc wizards
  3 iguanas
  9 worker ants
  A big kobold zombie (Ossuary)
  A hound skeleton (D:7)
  2 mummies (Ossuary)
  8 gnolls
  2 howler monkey skeletons
  10 adders
  2 adder zombies
  3 worms
  2 dart slugs (D:2)
  8 leopard geckos
  22 orcs
  8 giant cockroaches
  3 goblins
  5 hobgoblins
  2 jackals (D:8)
  16 kobolds
  3 quokkas
  2 ball pythons
  A ball python skeleton (D:4)
  5 bats
  7 frilled lizards
  9 hobgoblin zombies (Ossuary)
  A jackal zombie (Ossuary)
  9 kobold zombies (Ossuary)
  7 orc zombies (Ossuary)
  6 rats
  A rat zombie (Ossuary)
245 creatures vanquished.

Vanquished Creatures (others)
  21 fulminant prisms
  22 plants (D:9)
43 creatures vanquished.

Grand Total: 288 creatures vanquished

Notes
Turn   | Place    | Note
-------+----------+-------------------------------------------
     0 | D:1      | Monsterracer the Deep Elf Conjurer began the quest for the Orb.
     0 | D:1      | Reached XP level 1. HP: 10/10 MP: 6/6
   226 | D:1      | Reached XP level 2. HP: 15/15 MP: 6/8
   232 | D:1      | Learned a level 2 spell: Searing Ray
   779 | D:2      | Found a shimmering altar of Xom.
   789 | D:2      | Reached skill level 5 in Conjurations
   789 | D:2      | Reached XP level 3. HP: 15/19 MP: 0/10
  1805 | D:3      | Reached XP level 4. HP: 24/24 MP: 8/12
  1839 | D:3      | Learned a level 4 spell: Fulminant Prism
  1844 | D:3      | Learned a level 4 spell: Iskenderun's Mystic Blast
  2158 | D:3      | Found a shimmering altar of Xom.
  2490 | D:4      | Noticed a phantom
  2515 | D:4      | Killed a phantom
  2515 | D:4      | Reached skill level 5 in Spellcasting
  2515 | D:4      | Reached skill level 6 in Conjurations
  2515 | D:4      | Reached XP level 5. HP: 27/28 MP: 5/14
  2760 | D:4      | Reached skill level 7 in Conjurations
  2760 | D:4      | Reached XP level 6. HP: 32/32 MP: 5/16
  2766 | D:4      | Learned a level 4 spell: Force Lance
  3047 | D:4      | Reached skill level 1 in Hexes
  3209 | D:4      | Found a deep blue altar of Sif Muna.
  3212 | D:4      | Found a basalt altar of Yredelemnul.
  3214 | D:4      | Found a white marble altar of Elyvilon.
  3218 | D:4      | Found a hazy altar of Hepliaklqana.
  3225 | D:4      | Found a burning altar of Makhleb.
  3549 | D:5      | Entered Level 5 of the Dungeon
  3566 | D:5      | Reached XP level 7. HP: 36/36 MP: 15/18
  3677 | D:5      | Reached skill level 8 in Conjurations
  3802 | D:5      | Got a blackened rapier
  3803 | D:5      | Identified the +4 rapier of Retz {flame, rN+ Int+7} (You found it on level 5 of the Dungeon)
  3829 | D:5      | Found a staircase to the Ecumenical Temple.
  3834 | Temple   | Entered the Ecumenical Temple
  3993 | Temple   | Became a worshipper of Vehumet
  4412 | D:5      | Found Makhloud's Magic Scroll Emporium.
  4431 | D:5      | Bought a scroll of blinking for 97 gold pieces
  4431 | D:5      | Bought a scroll of enchant armour for 97 gold pieces
  5080 | D:6      | Reached XP level 8. HP: 38/41 MP: 10/20
  5119 | D:6      | Reached skill level 9 in Conjurations
  6066 | D:7      | Reached skill level 5 in Hexes
  6314 | D:7      | Reached * piety under Vehumet
  6314 | D:7      | Offered knowledge of Shock by Vehumet.
  6526 | D:7      | Reached skill level 10 in Conjurations
  6526 | D:7      | Reached skill level 1 in Translocations
  6696 | D:7      | Gained mutation: You are frail. (-10% HP) [potion of mutation]
  6696 | D:7      | Gained mutation: You have large cloven feet. [potion of mutation]
  6696 | D:7      | Gained mutation: You are agile. (Dex +2) [potion of mutation]
  7386 | D:8      | Found a sand-covered staircase.
  7388 | D:8      | Noticed a hippogriff
  7389 | D:8      | Reached XP level 9. HP: 41/41 MP: 18/23
  7389 | D:8      | Reached skill level 1 in Fighting
  7496 | Ossuary  | Entered an ossuary
  7760 | Ossuary  | Offered knowledge of Sting by Vehumet.
  7775 | Ossuary  | Reached ** piety under Vehumet
  8145 | Ossuary  | Offered knowledge of Stone Arrow by Vehumet.
  8173 | Ossuary  | Learned a level 3 spell: Stone Arrow
  8417 | D:8      | Reached skill level 11 in Conjurations
  8496 | D:8      | Reached *** piety under Vehumet
  8737 | D:8      | Offered knowledge of Inner Flame by Vehumet.
  8737 | D:8      | Reached skill level 5 in Dodging
  9180 | D:9      | Noticed a two-headed ogre
  9201 | D:9      | Killed a two-headed ogre
  9201 | D:9      | Reached XP level 10. HP: 48/48 MP: 12/25
  9607 | D:9      | Reached skill level 12 in Conjurations
  9718 | D:9      | Found a shadowy altar of Dithmenos.
  9902 | D:9      | Reached skill level 10 in Spellcasting
 10413 | D:9      | Found a staircase to the Lair.
 10811 | D:9      | Found a glowing golden altar of the Shining One.
 10978 | D:9      | Reached **** piety under Vehumet
 11282 | D:10     | Entered Level 10 of the Dungeon
 11282 | D:10     | Noticed a two-headed ogre
 11292 | D:10     | Killed a two-headed ogre
 11520 | D:10     | Found Jabi's Gadget Shop.
 11751 | D:10     | Offered knowledge of Bolt of Magma by Vehumet.
 11758 | D:10     | Learned a level 5 spell: Bolt of Magma
 11828 | D:10     | Reached XP level 11. HP: 54/54 MP: 27/27
 11920 | D:10     | Noticed Harold
 11929 | D:10     | Killed from afar by Harold

Skill      XL: |  1  2  3  4  5  6  7  8  9 10 |
---------------+-------------------------------+-----
Conjurations   | 5 6 7 8 10 11 12 | 12.7
Spellcasting   | 4 5 6 7 8 9 10 | 10.5
Hexes          | 2 3 5 6 7 |  7.1
Translocations | 2 3 4 |  4.0
Dodging        | 3 5 6 |  6.8
Fighting       | 2 4 |  4.0
Stealth        | |  2.4
Fire Magic     | |  0.2
Earth Magic    | |  0.4

Action                   |  1- 3 |  4- 6 |  7- 9 | 10-12 || total
-------------------------+-------+-------+-------+-------++-------
Melee: Unarmed           |     1 |       |       |       ||     1
       Spear             |       |       |     3 |       ||     3
       Rapier            |       |       |     5 |     3 ||     8
 Cast: Magic Dart        |    61 |    75 |   176 |    60 ||   372
       Searing Ray       |     3 |    14 |    43 |    26 ||    86
       Iskenderun's Myst |       |     3 |     6 |     2 ||    11
       Fulminant Prism   |       |       |    12 |     9 ||    21
       Force Lance       |       |       |     5 |     5 ||    10
       Stone Arrow       |       |       |       |     3 ||     3
  Use: Potion            |     1 |     1 |     7 |       ||     9
       Scroll            |       |     5 |     5 |     2 ||    12
  Eat: Chunk             |     2 |     6 |    17 |     9 ||    34
Armor: Robe              |     2 |     4 |    10 |    10 ||    26
Dodge: Dodged            |     3 |    10 |    40 |    38 ||    91
